General information
- name: BNet
- type: Ladder team game (AT/RT)
- host: Battle.net
- saver: w00tah.com
map: RiverOfSouls
- players: 6
- length: 54:14
- speed: Fast
- version: 1.21 W3XP
- replay type: Public
» download(288 KB)
Players
team 1 (loser)

»
TournY. (
teal | 33 APM | 1658 actions | 50:15)
4 Blademaster
2 Wind Walk
2 Critical Strike
» actions
| Basic commands | 1 | |
| Build / train | 69 | |
| Enter build submenu | 21 | |
| Enter hero's abilities submenu | 4 | |
| Remove unit from queue | 2 | |
| Right click | 1038 | |
| Select / deselect | 457 | |
| Use ability | 66 | |
1658 total
» units
| Peon | 6 | |
| Grunt | 5 | |
| Demolisher | 12 | |
| Shaman | 3 | |
| Troll Batrider | 23 | |
49 total
» upgrades
| Armor | 1 | |
| Shaman Training | 2 | |
| Ranged Weapons | 3 | |
| Liquid Fire | 1 | |
| Burning Oil | 1 | |
8 total
» buildings
| Altar of Storms | 1 | |
| Orc Burrow | 7 | |
| Barracks | 2 | |
| War Mill | 1 | |
| Stronghold | 2 | |
| Watch Tower | 1 | |
| Voodoo Lounge | 1 | |
| Spirit Lodge | 1 | |
| Fortress | 1 | |
| Beastiary | 2 | |
| Great Hall | 2 | |
21 total
» build order
00:06 Altar of Storms
00:09 Orc Burrow
00:24 Barracks
01:49 War Mill
02:34 Orc Burrow
03:21 Stronghold
04:03 Watch Tower
04:13 Orc Burrow
05:08 Voodoo Lounge
06:14 Spirit Lodge
06:58 Fortress
07:15 Orc Burrow
07:59 Orc Burrow
08:59 Barracks
09:04 Orc Burrow
10:07 Orc Burrow
12:00 Beastiary
12:55 Beastiary
38:33 Great Hall
42:13 Stronghold
43:05 Great Hall
» items
Undead(oNe) (
blue | 54 APM | 2947 actions | 54:11)
7 Crypt Lord
1 Carrion Beetles
3 Impale
2 Spiked Carapace
1 Locust Swarm
4 Dark Ranger
2 Black Arrow
2 Silence
1 Blademaster
1 Critical Strike
» actions
| Assign group hotkey | 83 | |
| Build / train | 103 | |
| Enter build submenu | 34 | |
| Enter hero's abilities submenu | 12 | |
| Give item / drop item | 1 | |
| Remove unit from queue | 10 | |
| Right click | 1644 | |
| Select / deselect | 776 | |
| Select group hotkey | 175 | |
| Use ability | 109 | |
2947 total
» units
| Acolyte | 6 | |
| Ghoul | 9 | |
| Crypt Fiend | 37 | |
| Obsidian Statue | 3 | |
| Frost Wyrm | 4 | |
59 total
» upgrades
| Creature Attack | 1 | |
| Web | 1 | |
| Destroyer Form | 1 | |
| Creature Carapace | 1 | |
| Freezing Breath | 1 | |
5 total
» buildings
| Altar of Darkness | 2 | |
| Ziggurat | 19 | |
| Crypt | 2 | |
| Graveyard | 2 | |
| Tomb of Relics | 2 | |
| Halls of the Dead | 2 | |
| Slaughterhouse | 2 | |
| Black Citadel | 1 | |
| Sacrificial Pit | 1 | |
| Boneyard | 2 | |
| Necropolis | 1 | |
| Spirit Tower | 6 | |
42 total
» build order
00:12 Altar of Darkness
00:17 Ziggurat
00:32 Crypt
01:08 Graveyard
01:31 Ziggurat
02:08 Tomb of Relics
04:37 Halls of the Dead
04:40 Ziggurat
06:11 Ziggurat
07:58 Slaughterhouse
08:55 Black Citadel
08:58 Ziggurat
09:53 Sacrificial Pit
10:00 Ziggurat
10:02 Ziggurat
11:20 Boneyard
11:22 Boneyard
16:12 Ziggurat
21:39 Ziggurat
21:40 Ziggurat
21:41 Ziggurat
21:42 Ziggurat
28:30 Ziggurat
28:31 Ziggurat
28:36 Crypt
28:42 Graveyard
29:11 Ziggurat
29:14 Ziggurat
29:50 Necropolis
30:43 Ziggurat
31:23 Spirit Tower
32:02 Spirit Tower
32:33 Spirit Tower
33:04 Spirit Tower
33:06 Spirit Tower
33:11 Ziggurat
33:57 Ziggurat
36:06 Spirit Tower
39:53 Halls of the Dead
40:14 Tomb of Relics
43:16 Slaughterhouse
43:58 Altar of Darkness
» items
| Rod of Necromancy | 1 | |
| Dust of Appearance | 3 | |
| Scroll of Protection | 1 | |
| Potion of Lesser Invulnerability | 1 | |
| Scroll of Healing | 1 | |
| Potion of Healing | 3 | |
| Potion of Mana | 1 | |
11 total

»
Yen. (
red | 51 APM | 1984 actions | 38:41)
4 Archmage
2 Summon Water Elemental
2 Blizzard
» actions
| Assign group hotkey | 17 | |
| Basic commands | 25 | |
| Build / train | 84 | |
| Enter build submenu | 47 | |
| Enter hero's abilities submenu | 4 | |
| Remove unit from queue | 1 | |
| Right click | 972 | |
| Select / deselect | 669 | |
| Select group hotkey | 84 | |
| Use ability | 81 | |
1984 total
» units
| Peasant | 17 | |
| Rifleman | 9 | |
| Mortar Team | 13 | |
| Flying Machine | 5 | |
| Siege Engine | 10 | |
54 total
» upgrades
| Masonry | 1 | |
| Gunpowder | 2 | |
| Armor | 3 | |
| Flare | 1 | |
| Lumber Harvesting | 1 | |
| Barrage | 1 | |
9 total
» buildings
| Altar of Kings | 1 | |
| Farm | 11 | |
| Lumber Mill | 1 | |
| Blacksmith | 1 | |
| Barracks | 1 | |
| Scout Tower | 19 | |
| Arcane Tower | 1 | |
| Guard Tower | 8 | |
| Keep | 1 | |
| Workshop | 2 | |
| Cannon Tower | 1 | |
| Town Hall | 1 | |
| Arcane Vault | 1 | |
| Castle | 1 | |
50 total
» build order
00:14 Altar of Kings
00:16 Farm
00:52 Farm
01:32 Lumber Mill
01:43 Blacksmith
01:50 Barracks
02:17 Farm
02:36 Scout Tower
02:58 Scout Tower
03:03 Farm
03:46 Arcane Tower
04:07 Guard Tower
04:59 Farm
05:03 Farm
05:05 Scout Tower
06:17 Guard Tower
06:19 Keep
06:31 Scout Tower
07:08 Guard Tower
07:12 Farm
07:37 Farm
08:54 Workshop
08:55 Workshop
09:15 Scout Tower
09:17 Scout Tower
09:20 Scout Tower
09:22 Scout Tower
09:25 Farm
10:29 Cannon Tower
10:44 Town Hall
10:51 Arcane Vault
10:52 Guard Tower
12:49 Farm
12:50 Farm
16:09 Castle
25:30 Scout Tower
25:31 Scout Tower
25:33 Scout Tower
26:44 Guard Tower
26:46 Scout Tower
26:47 Scout Tower
27:23 Guard Tower
28:21 Scout Tower
28:34 Guard Tower
33:32 Scout Tower
33:33 Scout Tower
33:34 Scout Tower
33:34 Scout Tower
34:02 Guard Tower
34:04 Scout Tower
» items
team 2 (winner)
3DGAYWORLD (
orange | 64 APM | 3484 actions | 54:12)
3 Archmage
2 Blizzard
1 Brilliance Aura
6 Blood Mage
3 Flame Strike
3 Banish
» actions
| Assign group hotkey | 7 | |
| Basic commands | 17 | |
| Build / train | 194 | |
| Enter build submenu | 135 | |
| Enter hero's abilities submenu | 10 | |
| Right click | 1670 | |
| Select / deselect | 1058 | |
| Select group hotkey | 103 | |
| Use ability | 290 | |
3484 total
» units
| Peasant | 17 | |
| Dragonhawk Rider | 3 | |
| Mortar Team | 2 | |
22 total
» upgrades
| Masonry | 3 | |
| Magic Sentry | 1 | |
| Cloud | 1 | |
| Gunpowder | 1 | |
| Flare | 1 | |
| Fragmentation Shards | 1 | |
8 total
» buildings
| Farm | 7 | |
| Altar of Kings | 1 | |
| Lumber Mill | 1 | |
| Scout Tower | 102 | |
| Guard Tower | 112 | |
| Arcane Vault | 1 | |
| Keep | 2 | |
| Arcane Tower | 9 | |
| Castle | 2 | |
| Gryphon Aviary | 3 | |
| Arcane Sanctum | 1 | |
| Blacksmith | 1 | |
| Workshop | 2 | |
| Cannon Tower | 21 | |
265 total
» build order
00:07 Farm
00:14 Altar of Kings
00:46 Lumber Mill
00:49 Farm
02:22 Scout Tower
02:25 Scout Tower
02:34 Farm
02:51 Guard Tower
02:55 Scout Tower
03:02 Scout Tower
03:07 Scout Tower
03:09 Scout Tower
03:15 Arcane Vault
03:17 Guard Tower
03:23 Guard Tower
03:26 Scout Tower
03:31 Guard Tower
03:31 Guard Tower
03:33 Scout Tower
03:50 Guard Tower
03:50 Guard Tower
03:53 Scout Tower
03:59 Scout Tower
04:01 Guard Tower
04:01 Guard Tower
04:04 Scout Tower
04:15 Scout Tower
04:20 Guard Tower
04:23 Scout Tower
04:33 Guard Tower
04:35 Scout Tower
04:37 Guard Tower
04:37 Guard Tower
04:42 Scout Tower
04:49 Guard Tower
04:50 Guard Tower
04:52 Scout Tower
04:55 Guard Tower
04:58 Scout Tower
05:01 Keep
05:02 Keep
05:05 Guard Tower
05:08 Scout Tower
05:13 Guard Tower
05:13 Guard Tower
05:15 Scout Tower
05:21 Guard Tower
05:21 Guard Tower
05:27 Scout Tower
05:30 Scout Tower
05:48 Guard Tower
05:58 Scout Tower
06:02 Guard Tower
06:03 Guard Tower
06:03 Guard Tower
06:05 Scout Tower
06:07 Scout Tower
06:10 Guard Tower
06:16 Scout Tower
06:27 Guard Tower
06:30 Scout Tower
06:42 Guard Tower
06:42 Guard Tower
06:47 Scout Tower
06:50 Scout Tower
07:02 Guard Tower
07:10 Guard Tower
07:11 Guard Tower
07:15 Guard Tower
07:16 Guard Tower
07:45 Scout Tower
07:48 Guard Tower
07:50 Scout Tower
07:55 Scout Tower
08:00 Scout Tower
08:07 Scout Tower
08:25 Guard Tower
08:27 Guard Tower
08:31 Scout Tower
08:36 Scout Tower
08:43 Guard Tower
08:44 Scout Tower
08:47 Arcane Tower
08:47 Arcane Tower
08:52 Scout Tower
09:01 Guard Tower
09:04 Scout Tower
09:06 Guard Tower
09:07 Guard Tower
09:09 Scout Tower
09:24 Arcane Tower
09:27 Scout Tower
09:31 Guard Tower
09:31 Guard Tower
09:33 Scout Tower
09:38 Castle
09:38 Castle
09:42 Guard Tower
09:42 Guard Tower
09:44 Scout Tower
10:10 Guard Tower
10:10 Guard Tower
10:11 Scout Tower
10:16 Arcane Tower
10:16 Arcane Tower
10:18 Scout Tower
10:27 Guard Tower
10:30 Guard Tower
10:32 Scout Tower
10:35 Scout Tower
10:45 Guard Tower
10:46 Guard Tower
10:48 Scout Tower
11:02 Arcane Tower
11:07 Scout Tower
11:10 Guard Tower
11:10 Guard Tower
11:15 Scout Tower
11:29 Guard Tower
11:32 Scout Tower
11:34 Guard Tower
11:35 Guard Tower
11:46 Gryphon Aviary
11:55 Arcane Sanctum
12:23 Farm
12:29 Guard Tower
12:32 Scout Tower
13:08 Gryphon Aviary
13:12 Gryphon Aviary
13:18 Scout Tower
13:37 Guard Tower
13:37 Guard Tower
14:28 Guard Tower
14:34 Guard Tower
14:36 Scout Tower
15:05 Guard Tower
15:05 Guard Tower
15:18 Farm
15:20 Farm
15:22 Scout Tower
15:29 Scout Tower
15:30 Scout Tower
15:42 Scout Tower
15:47 Scout Tower
15:57 Guard Tower
15:58 Guard Tower
16:00 Scout Tower
16:09 Guard Tower
16:13 Arcane Tower
16:28 Guard Tower
16:33 Guard Tower
16:33 Guard Tower
17:20 Guard Tower
17:30 Scout Tower
18:23 Arcane Tower
18:43 Blacksmith
20:19 Workshop
20:21 Workshop
20:25 Scout Tower
20:28 Scout Tower
20:30 Scout Tower
20:34 Scout Tower
20:37 Scout Tower
20:58 Guard Tower
20:58 Guard Tower
21:02 Guard Tower
21:02 Guard Tower
21:07 Guard Tower
21:07 Guard Tower
21:08 Scout Tower
21:11 Scout Tower
21:17 Scout Tower
21:52 Guard Tower
21:53 Guard Tower
21:54 Guard Tower
21:55 Guard Tower
22:59 Scout Tower
23:01 Scout Tower
23:04 Scout Tower
23:22 Scout Tower
23:29 Cannon Tower
23:30 Cannon Tower
23:31 Scout Tower
23:33 Scout Tower
23:34 Cannon Tower
23:35 Cannon Tower
23:37 Cannon Tower
23:37 Cannon Tower
23:37 Cannon Tower
23:39 Scout Tower
23:54 Farm
24:03 Cannon Tower
24:03 Cannon Tower
24:06 Scout Tower
24:14 Cannon Tower
24:14 Cannon Tower
24:17 Scout Tower
25:02 Cannon Tower
25:02 Cannon Tower
25:07 Scout Tower
25:46 Guard Tower
26:47 Scout Tower
26:49 Scout Tower
26:53 Scout Tower
27:23 Cannon Tower
27:23 Cannon Tower
27:24 Guard Tower
28:01 Arcane Tower
28:21 Scout Tower
28:41 Scout Tower
29:25 Cannon Tower
29:26 Cannon Tower
29:33 Scout Tower
32:07 Scout Tower
32:10 Scout Tower
32:12 Scout Tower
32:15 Scout Tower
32:55 Guard Tower
32:56 Guard Tower
33:04 Cannon Tower
33:05 Cannon Tower
38:54 Scout Tower
38:57 Scout Tower
39:02 Scout Tower
39:06 Scout Tower
39:13 Scout Tower
39:14 Scout Tower
39:16 Scout Tower
39:30 Scout Tower
39:31 Guard Tower
39:33 Guard Tower
39:37 Scout Tower
39:40 Scout Tower
39:52 Cannon Tower
39:55 Scout Tower
39:59 Scout Tower
40:00 Guard Tower
40:03 Scout Tower
40:06 Guard Tower
40:06 Guard Tower
40:09 Scout Tower
40:14 Guard Tower
40:14 Guard Tower
40:32 Guard Tower
40:32 Guard Tower
40:47 Guard Tower
40:57 Guard Tower
» items
| Scroll of Regeneration | 2 | |
| Lesser Clarity Potion | 3 | |
| Mechanical Critter | 2 | |
7 total
joltx (
green | 54 APM | 2941 actions | 54:12)
10 Blademaster
3 Wind Walk
3 Critical Strike
1 Bladestorm
3 Mirror Image
» actions
| Assign group hotkey | 7 | |
| Basic commands | 67 | |
| Build / train | 78 | |
| ESC pressed | 9 | |
| Enter build submenu | 33 | |
| Enter hero's abilities submenu | 8 | |
| Give item / drop item | 1 | |
| Remove unit from queue | 5 | |
| Right click | 1867 | |
| Select / deselect | 580 | |
| Select group hotkey | 73 | |
| Use ability | 212 | |
2941 total
» units
» upgrades
| Spiked Barricades | 0 | |
| Ranged Weapons | 3 | |
| Armor | 2 | |
| Liquid Fire | 1 | |
6 total
» buildings
| Altar of Storms | 1 | |
| Orc Burrow | 5 | |
| War Mill | 1 | |
| Watch Tower | 32 | |
| Voodoo Lounge | 1 | |
| Stronghold | 1 | |
| Beastiary | 3 | |
| Fortress | 1 | |
45 total
» build order
00:07 Altar of Storms
00:10 Orc Burrow
00:32 War Mill
02:04 Watch Tower
02:06 Watch Tower
02:07 Watch Tower
02:17 Watch Tower
02:41 Watch Tower
02:44 Watch Tower
03:00 Voodoo Lounge
03:54 Watch Tower
03:55 Watch Tower
04:00 Watch Tower
04:01 Watch Tower
04:17 Stronghold
04:31 Watch Tower
05:07 Watch Tower
05:09 Watch Tower
06:04 Watch Tower
06:06 Watch Tower
06:07 Watch Tower
06:08 Watch Tower
06:13 Watch Tower
06:14 Watch Tower
06:17 Watch Tower
08:03 Beastiary
08:05 Beastiary
08:41 Fortress
10:33 Orc Burrow
10:37 Orc Burrow
10:51 Orc Burrow
10:59 Orc Burrow
13:24 Watch Tower
13:25 Watch Tower
13:26 Watch Tower
13:26 Watch Tower
13:27 Watch Tower
13:28 Watch Tower
17:53 Watch Tower
17:54 Watch Tower
17:55 Watch Tower
17:56 Watch Tower
17:57 Watch Tower
17:57 Watch Tower
21:05 Beastiary
» items
| Lesser Clarity Potion | 6 | |
| Scroll of Speed | 1 | |
| Healing Salve | 1 | |
| Boots of Speed | 1 | |
| Orb of Lightning | 1 | |
| Scroll of Town Portal | 2 | |
| Staff of Teleportation | 1 | |
13 total
w00tah.com (
yellow | 31 APM | 1703 actions | 54:14)
7 Dark Ranger
3 Black Arrow
3 Silence
1 Charm
2 Death Knight
1 Death Coil
1 Unholy Aura
» actions
| Assign group hotkey | 8 | |
| Basic commands | 13 | |
| Build / train | 59 | |
| ESC pressed | 1 | |
| Enter build submenu | 34 | |
| Enter hero's abilities submenu | 10 | |
| Give item / drop item | 3 | |
| Remove unit from queue | 1 | |
| Right click | 1069 | |
| Select / deselect | 379 | |
| Select group hotkey | 21 | |
| Use ability | 105 | |
1703 total
» units
» upgrades
| Strength of the Wild | 3 | |
| Well Spring | 1 | |
| Ultravision | 1 | |
| Reinforced Hides | 3 | |
| Corrosive Breath | 1 | |
9 total
» buildings
| Altar of Elders | 1 | |
| Moon Well | 21 | |
| Tree of Ages | 1 | |
| Tree of Eternity | 1 | |
| Ancient of Wind | 1 | |
| Hunter's Hall | 1 | |
| Chimaera Roost | 2 | |
| Ancient of Wonders | 1 | |
| Necropolis | 2 | |
| Altar of Darkness | 1 | |
| Tree of Life | 1 | |
| Halls of the Dead | 1 | |
| Tomb of Relics | 1 | |
35 total
» build order
00:19 Altar of Elders
00:32 Moon Well
01:33 Moon Well
04:43 Moon Well
04:52 Moon Well
04:53 Moon Well
05:32 Tree of Ages
06:21 Moon Well
06:22 Moon Well
06:30 Moon Well
06:32 Moon Well
06:37 Moon Well
06:38 Moon Well
08:12 Moon Well
08:13 Moon Well
08:59 Moon Well
09:00 Moon Well
09:01 Tree of Eternity
09:06 Ancient of Wind
09:09 Hunter's Hall
11:24 Chimaera Roost
11:27 Chimaera Roost
15:25 Moon Well
15:27 Moon Well
26:43 Ancient of Wonders
26:56 Moon Well
26:56 Moon Well
26:58 Moon Well
26:59 Moon Well
39:31 Necropolis
39:43 Necropolis
41:47 Altar of Darkness
43:02 Tree of Life
43:52 Halls of the Dead
50:46 Tomb of Relics
» items
| Healing Salve | 1 | |
| Staff of Teleportation | 1 | |
| Boots of Speed | 1 | |
| Staff of Sanctuary | 1 | |
| Scroll of Town Portal | 1 | |
5 total
Chat log
(00:04 / All) Undead(oNe): suck it
(00:05 / All) 3DGAYWORLD: D THE SPIC
(00:12 / All) TournY.: ur a spic
(00:17 / All) 3DGAYWORLD: SPIC
(00:18 / All) 3DGAYWORLD: FAGGOT
(00:21 / All) Yen.: suck my dick u twat
(00:25 / All) Undead(oNe): i DED your mom
(00:29 / All) 3DGAYWORLD: BACK TO CHINA
(00:31 / All) Yen.: jon is so tough
(00:32 / All) 3DGAYWORLD: YOU FUCKING SLANT
(00:33 / All) TournY.: d-boned
(00:37 / All) Yen.: funny guy
(08:22 / Allies) 3DGAYWORLD: ahaha
(10:21 / All) Undead(oNe): sweet towers?
(10:26 / All) w00tah.com: thanks
(10:29 / All) w00tah.com: We worked hard on them
(10:36 / All) TournY.: gj guys
(10:41 / All) TournY.: u know we will win tho
(10:42 / All) 3DGAYWORLD: nyoro~n
(10:48 / All) w00tah.com: so do we, omg thats so wierd
(10:52 / All) 3DGAYWORLD: lol
(10:55 / All) 3DGAYWORLD: Frekay
(26:49 / All) Undead(oNe): you guys are gay
(27:02 / Allies) w00tah.com: yah, it's a gay world
(27:06 / All) w00tah.com: yah, it's a gay world
(31:08 / All) w00tah.com: See, we knew we would win
(31:22 / All) TournY.: u dont win?
(31:23 / All) Yen.: u lost tho
(31:26 / All) 3DGAYWORLD: snap
(31:33 / All) w00tah.com: nono we won
(31:37 / All) TournY.: hmmm
(31:42 / All) Yen.: See heres the thing
(31:42 / All) w00tah.com: you cant get past our towas
(31:43 / All) Yen.: We won
(31:45 / All) Yen.: and u lost
(32:38 / Allies) 3DGAYWORLD: wtf?
(32:50 / Allies) 3DGAYWORLD: he has a sprare mine
(32:51 / Allies) 3DGAYWORLD: take it
(34:18 / All) 3DGAYWORLD: GG
(34:21 / All) 3DGAYWORLD: leave
(35:25 / Allies) 3DGAYWORLD: ahah
(35:30 / Allies) 3DGAYWORLD: yeah
(35:46 / All) Yen.: does it suk to have tiny dicks
(35:51 / All) 3DGAYWORLD: yeah
(35:52 / All) TournY.: its must
(35:56 / All) 3DGAYWORLD: mine is like two inches
(35:59 / All) TournY.: Get some real skill
(36:00 / All) w00tah.com: yah it's hard to get chicks
(36:02 / All) 3DGAYWORLD: I bet your guys cocks are like two feet
(36:11 / All) 3DGAYWORLD: ACROSS
(36:11 / All) w00tah.com: you must have big dicks if you suck at a video game
(36:20 / All) joltx: i personally suck anything i can
(36:48 / All) w00tah.com: last ditch effort
(36:59 / All) TournY.: last ditch win
(37:12 / All) 3DGAYWORLD: how does desperation feel?
(37:24 / All) Yen.: How does losing all ur towes feel
(37:32 / All) 3DGAYWORLD: pretty alright
(37:36 / All) Yen.: k good
(38:45 / All) w00tah.com: gg
(38:49 / All) 3DGAYWORLD: gg niggers
(38:50 / All) TournY.: fag
(38:55 / All) 3DGAYWORLD: we win
(40:28 / Allies) 3DGAYWORLD: :)
(45:07 / Allies) 3DGAYWORLD: nice
(47:58 / All) w00tah.com: the pact is sealed
(48:05 / All) TournY.: ur sealed
(48:32 / All) w00tah.com: lookie, i got a death knight
(48:35 / All) w00tah.com: thanks for the acolyte
(49:14 / All) TournY.: howd yellow get a dk
(49:20 / All) 3DGAYWORLD: hackas
(50:17 / All) w00tah.com: cya
(50:28 / All) 3DGAYWORLD: peace niggas
(50:34 / All) 3DGAYWORLD: OWN U BI0TCH
(52:16 / Allies) 3DGAYWORLD: fark
(52:19 / Allies) 3DGAYWORLD: hero died
(52:21 / Allies) 3DGAYWORLD: gold please